 Dungeon Crawl Stone Soup version 0.28-a0-1429-gf3d713df7a (webtiles) character file.

Game seed: 1850184030099253641

420 Shayle the Grasshopper (level 6, -9/51 HPs)
             Began as a Gnoll Warper on Jan 9, 2022.
             Mangled by a wyvern (11 damage)
             ... on level 4 of the Dungeon.
             The game lasted 00:09:20 (5067 turns).

Shayle the Grasshopper (Gnoll Warper)               Turns: 5067, Time: 00:09:20

Health: -9/51      AC:  9    Str: 14 (15) XL:     6   Next: 94%
Magic:  14/14      EV: 14    Int: 13 (16) God:
Gold:   97         SH:  0    Dex: 16 (17) Spells: 7/15 levels left

rFire   . . .      SeeInvis .   c - +4 broad axe (flame)
rCold   . . .      Faith    .   (no shield)
rNeg    . . .      Spirit   .   o - +4 robe of Augmentation {Str+4 Int+4 Dex+4}
rPois   .          Reflect  .   (no helmet)
rElec   .          Harm     .   a - +0 cloak
rCorr   .          Rampage  .   (no gloves)
Will    .....                   i - +1 pair of boots
Stlth   ++........              (no amulet)
HPRegen 0.17/turn               (no ring)
MPRegen 0.14/turn               (no ring)

@: no status effects
A: fangs 1, strong nose, distributed training
a: no special abilities


You were on level 4 of the Dungeon.
You visited 1 branch of the dungeon, and saw 6 of its levels.

You collected 97 gold pieces.

Inventory:

Hand Weapons
 c - a +4 broad axe of flaming (weapon)
Missiles
 l - 4 boomerangs
 m - 14 poisoned darts (quivered)
Armour
 a - a +0 cloak (worn)
 i - a +1 pair of boots (worn)
 o - the +4 robe of Augmentation (worn) {Str+4 Int+4 Dex+4}
   (You found it on level 3 of the Dungeon)

   Str:       It affects your strength (+4).
   Int:       It affects your intelligence (+4).
   Dex:       It affects your dexterity (+4).
Wands
 b - a wand of paralysis (8)
 q - a wand of mindburst (7)
Scrolls
 d - a scroll of blinking
 h - 2 scrolls of teleportation
 p - a scroll of noise
Potions
 e - a potion of heal wounds {unknown}
 f - 2 potions of magic {unknown}
 g - a potion of mutation {unknown}
 r - a potion of curing


   Skills:
 + Level 5.1 Fighting
 + Level 2.1 Short Blades
 + Level 2.1 Long Blades
 + Level 2.1 Axes
 + Level 2.1 Maces & Flails
 + Level 2.1 Polearms
 + Level 2.1 Staves
 + Level 2.1 Slings
 + Level 2.1 Bows
 + Level 2.1 Crossbows
 + Level 3.4 Throwing
 + Level 3.4 Armour
 + Level 5.1 Dodging
 + Level 2.1 Stealth
 + Level 2.1 Shields
 + Level 5.1 Unarmed Combat
 + Level 5.4 Spellcasting
 + Level 1.7 Conjurations
 + Level 1.7 Hexes
 + Level 1.7 Summonings
 + Level 1.7 Necromancy
 + Level 5.7 Translocations
 + Level 1.7 Transmutations
 + Level 1.7 Fire Magic
 + Level 1.7 Ice Magic
 + Level 1.7 Air Magic
 + Level 1.7 Earth Magic
 + Level 1.7 Poison Magic
 + Level 2.4 Invocations
 + Level 2.1 Evocations


You had 7 spell levels left.
You knew the following spells:

 Your Spells              Type           Power      Damage    Failure   Level
a - Blink                 Tloc           36%        N/A       2%          2
b - Teleport Other        Tloc           18%        N/A       4%          3
c - Call Canine Familiar  Summ           8%         N/A       26%         3

Your spell library contained the following spells:

 Spells                   Type           Power      Damage    Failure   Level
 Gell's Gravitas          Tloc           18%        N/A       4%          3
 Lesser Beckoning         Tloc           18%        N/A       4%          3
 Sandblast                Erth           16%        2d6       9%          1
 Summon Small Mammal      Summ           32%        N/A       9%          1
 Passwall                 Tmut/Erth      6%         N/A       13%         2
 Stone Arrow              Conj/Erth      16%        3d8       26%         3
 Summon Guardian Golem    Hex/Summ       8%         N/A       26%         3
 Manifold Assault         Tloc           18%        N/A       43%         5


Dungeon Overview and Level Annotations

Branches:
Dungeon (6/15)
 Temple: D:4-7

Altars:
Zin

Annotations:
D:5 1 transporter, Edmund


Innate Abilities, Weirdness & Mutations

You have very sharp teeth.
Your uncanny sense of smell can sniff out nearby items.
Your experience applies equally to all skills.


Message History

The wyvern is severely wounded.
The wyvern bites you!
The wyvern bites you but does no damage.
The wyvern closely misses you.
You barely miss the wyvern.
The wyvern is severely wounded.
The wyvern bites you but does no damage. x2
You completely miss the wyvern.
The wyvern is severely wounded.
The wyvern closely misses you.
The wyvern bites you but does no damage.
You hit the wyvern. You burn the wyvern.
The wyvern is almost dead.
The wyvern bites you! The wyvern misses you.
The wyvern bites you but does no damage.
You closely miss the wyvern.
The wyvern is almost dead.
The wyvern bites you!
* * * LOW HITPOINT WARNING * * *
The wyvern closely misses you.
You barely miss the wyvern.
The wyvern is almost dead.
The wyvern bites you but does no damage.
The wyvern closely misses you.
You closely miss the wyvern. You punch the wyvern.
You bite the wyvern, but do no damage.
The wyvern is almost dead.
The wyvern bites you.
* * * LOW HITPOINT WARNING * * *
The wyvern barely misses you.
You hit the wyvern. You burn the wyvern. Your punch misses the wyvern.
You bite the wyvern.
The wyvern is almost dead.
The wyvern bites you.
* * * LOW HITPOINT WARNING * * *
The wyvern misses you. x2
You closely miss the wyvern.
The wyvern is almost dead.
The wyvern bites you!
You die...

.# #.....####.<...#∆.. ∆.
.###...### ##....#.. ..
........## #..##.#.# !.
####..#..###...##)#.#.##.
#..#...#.#.##.........
#..#.....#.##....l....
#...................#
####...######l#.......
#...######@#.###.#.
#..........#..
#####....####..##.#
###...........#...#.#
.....)...(........#.#
###...........#...#.#
#####....####.###
#.........# #...######.


You could see a wyvern.

Vanquished Creatures
  A necrophage (D:4)
  2 bullfrog skeletons (D:4)
  An orc priest (D:4)
  An iguana (D:3)
  An orc wizard (D:4)
  A howler monkey skeleton (D:5)
  6 gnolls (D:4)
  3 adders
  A white imp (D:3)
  3 worms
  3 dart slugs (D:1)
  4 orcs
  6 bats
  6 endoplasms
  A giant cockroach (D:4)
  8 goblins
  6 hobgoblins
  7 kobolds
  5 quokkas
  9 ball pythons
  6 frilled lizards
  4 rats
85 creatures vanquished.

Notes
Turn   | Place    | Note
-------+----------+-------------------------------------------
     0 | D:1      | Shayle the Gnoll Warper began the quest for the Orb.
     0 | D:1      | Reached XP level 1. HP: 20/20 MP: 6/6
    78 | D:1      | Reached XP level 2. HP: 22/26 MP: 7/7
   282 | D:1      | Reached XP level 3. HP: 25/31 MP: 9/9
   301 | D:1      | Reached skill level 5 in Spellcasting
   608 | D:1      | Found a faded altar of an unknown god.
   709 | D:1      | Learned a level 2 spell: Blink
   713 | D:1      | Learned a level 3 spell: Teleport Other
   831 | D:1      | Reached skill level 1 in Invocations
  1346 | D:2      | Reached skill level 1 in Short Blades
  1346 | D:2      | Reached skill level 1 in Long Blades
  1346 | D:2      | Reached skill level 1 in Axes
  1346 | D:2      | Reached skill level 1 in Maces & Flails
  1346 | D:2      | Reached skill level 1 in Polearms
  1346 | D:2      | Reached skill level 1 in Staves
  1346 | D:2      | Reached skill level 1 in Slings
  1346 | D:2      | Reached skill level 1 in Bows
  1346 | D:2      | Reached skill level 1 in Crossbows
  1346 | D:2      | Reached skill level 1 in Stealth
  1346 | D:2      | Reached skill level 1 in Shields
  1346 | D:2      | Reached skill level 1 in Evocations
  1461 | D:2      | Reached XP level 4. HP: 11/38 MP: 11/11
  1891 | D:2      | Found a glowing silver altar of Zin.
  2213 | D:3      | Found the +4 robe of Augmentation {Str+4 Int+4 Dex+4}
  2355 | D:3      | You fall into a shaft and drop 2 floors!
  2355 | D:5      | Entered Level 5 of the Dungeon
  2406 | D:5      | Found a transporter.
  2420 | D:5      | Noticed a scorpion
  2448 | D:6      | Noticed a phantom
  2457 | D:5      | Noticed Edmund
  2517 | D:4      | Reached skill level 1 in Conjurations
  2517 | D:4      | Reached skill level 1 in Hexes
  2517 | D:4      | Reached skill level 1 in Summonings
  2517 | D:4      | Reached skill level 1 in Necromancy
  2517 | D:4      | Reached skill level 1 in Transmutations
  2517 | D:4      | Reached skill level 1 in Fire Magic
  2517 | D:4      | Reached skill level 1 in Ice Magic
  2517 | D:4      | Reached skill level 1 in Air Magic
  2517 | D:4      | Reached skill level 1 in Earth Magic
  2517 | D:4      | Reached skill level 1 in Poison Magic
  2642 | D:4      | Reached XP level 5. HP: 43/43 MP: 12/12
  2663 | D:4      | Learned a level 3 spell: Call Canine Familiar
  2986 | D:4      | Reached XP level 6. HP: 22/50 MP: 13/13
  4092 | D:3      | Reached skill level 5 in Fighting
  4092 | D:3      | Reached skill level 5 in Dodging
  4092 | D:3      | Reached skill level 5 in Unarmed Combat
  5036 | D:4      | Noticed a wyvern
  5039 | D:4      | Identified a scroll of acquirement
  5039 | D:4      | Acquired a +4 broad axe of flaming
  5044 | D:4      | Noticed a necrophage
  5053 | D:4      | Killed a necrophage
  5066 | D:4      | HP: 2/51 [wyvern (6)]
  5067 | D:4      | Mangled by a wyvern

Illustrated notes

Levels and vault maps discovered:
D:1:      ncdulo_smallfort, layout_basic, basic_ecumenical_altar
D:2:      layout_basic, basic_altar, minmay_tetromino_s2
D:3:      minmay_razor_zed, layout_basic, kennysheep_generic_room_13
D:4:      layout_loops_cross, patterned_corridor
D:5:      layout_loops_cross, lemuel_doored_altar, temple_statues,
          gammafunk_ghost_stat_death, uniq_eustachio, uniq_edmund
D:6:      layout_cave_pools, kb_rosetta, uniq_menkaure

Skill      XL: |  1  2  3  4  5  6 |
---------------+-------------------+-----
Spellcasting   | 5 |  5.4
Invocations    | 1 2 |  2.4
Short Blades   | 1 2 |  2.1
Long Blades    | 1 2 |  2.1
Axes           | 1 2 |  2.1
Maces & Flails | 1 2 |  2.1
Polearms       | 1 2 |  2.1
Staves         | 1 2 |  2.1
Slings         | 1 2 |  2.1
Bows           | 1 2 |  2.1
Crossbows      | 1 2 |  2.1
Stealth        | 1 2 |  2.1
Shields        | 1 2 |  2.1
Evocations     | 1 2 |  2.1
Conjurations   | 1 |  1.7
Hexes          | 1 |  1.7
Summonings     | 1 |  1.7
Necromancy     | 1 |  1.7
Transmutations | 1 |  1.7
Fire Magic     | 1 |  1.7
Ice Magic      | 1 |  1.7
Air Magic      | 1 |  1.7
Earth Magic    | 1 |  1.7
Poison Magic   | 1 |  1.7
Throwing       | 3 |  3.4
Armour         | 3 |  3.4
Fighting       | 5 |  5.1
Dodging        | 5 |  5.1
Unarmed Combat | 5 |  5.1
Translocations | |  5.7

Action                   |  1- 3 |  4- 6 || total
-------------------------+-------+-------++-------
Melee: Unarmed           |   120 |   221 ||   341
       Bite              |    17 |    30 ||    47
       Punch             |     4 |     9 ||    13
       Broad axe         |       |    21 ||    21
Throw: Boomerang         |       |     5 ||     5
       Dart              |       |    16 ||    16
  Use: Potion            |       |     2 ||     2
       Scroll            |       |    11 ||    11
 Stab: Sleeping          |     2 |     2 ||     4
Armor: Leather armour    |    16 |     8 ||    24
       Robe              |       |    72 ||    72
Dodge: Dodged            |    78 |   147 ||   225

Table legend: (Time is in decaauts)
 A = Elapsed time spent in this place.
 B = Non-inter-level travel time spent in this place.
 C = Inter-level travel time spent in this place.
 D = Time resting spent in this place.
 E = Time spent auto-exploring this place.
 F = Levels seen in this place.
 G = Mean time per level.
                   A        B        C        D        E       F      G
               +--------+--------+--------+--------+--------+-----+--------+
         Total |   5046 |   4911 |    135 |   1225 |   2641 |   6 |  841.0 |
       Dungeon |   5046 |   4911 |    135 |   1225 |   2641 |   6 |  841.0 |
               +--------+--------+--------+--------+--------+-----+--------+

Top non-repeatable levels by time:
     D:3: 1768 daAuts
     D:1: 1106 daAuts
     D:4: 1097 daAuts
     D:2: 967 daAuts
     D:5: 98 daAuts
     D:6: 8 daAuts
